 Dungeon Crawl Stone Soup version 0.25-a0-346-g140ab784a8 (webtiles) character file.

Game seed: 8001894350488794610, levelgen mode: deterministic

298 BritishOli the Slasher (level 6, -8/47 HPs)
             Began as a Demonspawn Gladiator on Jan 1, 2020.
             Mangled by an ogre
             ... wielding a +0 giant club
              (22 damage)
             ... on level 4 of the Dungeon.
             The game lasted 00:04:36 (3235 turns).

BritishOli the Slasher (Demonspawn Gladiator)       Turns: 3235, Time: 00:04:37

Health: -8/47      AC:  4    Str: 16    XL:     6   Next: 13%
Magic:  6/6        EV: 13    Int:  9    God:
Gold:   204        SH:  0    Dex: 15    Spells: 5/5 levels left

rFire    . . .     SeeInvis .   a - +0 long sword
rCold    + . .     Gourm    .   (no shield)
rNeg     . . .     Faith    .   b - +0 leather armour
rPois    .         Spirit   .   c - +0 helmet
rElec    .         Reflect  .   (no cloak)
rCorr    .         Harm     .   (no gloves)
MR       .....                  (no boots)
Stlth    +.........             (no amulet)
HPRegen  0.15/turn              (no ring)
MPRegen  0.10/turn              (no ring)

@: no status effects
A: talons 2, cold resistance 1, freezing cloud immunity
a: no special abilities


You were on level 4 of the Dungeon.
You were near starving.

You visited 1 branch of the dungeon, and saw 4 of its levels.

You collected 204 gold pieces.

Inventory:

Hand Weapons
 a - a +0 long sword (weapon)
Missiles
 d - 2 throwing nets (quivered)
Armour
 b - a +0 leather armour (worn)
 c - a +0 helmet (worn)
 u - a +0 plate armour
Wands
 n - a wand of paralysis (8)
Scrolls
 e - a scroll of immolation {unknown}
 g - a scroll of remove curse
 k - 2 scrolls of enchant armour {unknown}
 l - 2 scrolls of identify {unknown}
 m - 4 scrolls of fear {unknown}
 o - a scroll of random uselessness {unknown}
 q - 2 scrolls of fog {unknown}
 s - 2 scrolls of amnesia {unknown}
 w - a scroll of teleportation {unknown}
Potions
 h - 2 potions of curing {unknown}
 i - 2 potions of might {unknown}
 j - a potion of haste {unknown}
 p - a potion of flight {unknown}
 r - a potion of lignification {unknown}
 t - a potion of cancellation {unknown}
 v - 2 potions of mutation {unknown}
Comestibles
 f - 5 rations


   Skills:
 + Level 3.4 Fighting
 * Level 4.2 Long Blades
 - Level 3.1 Throwing
 + Level 0.2 Armour
 + Level 3.7 Dodging


You had 5 spell levels left.
You didn't know any spells.
Your spell library was empty.

Dungeon Overview and Level Annotations

Branches:
Dungeon (4/15)
 Temple: D:4-7

Altars:
Elyvilon
Gozag
Trog


Innate Abilities, Weirdness & Mutations

You have razor-sharp toenails.
Your flesh is cold resistant. (rC+)
You are immune to freezing clouds.


Message History

Your kick misses the ogre. You slash the ogre!
The ogre is moderately wounded.
The ogre hits you with a +0 giant club!
* * * LOW HITPOINT WARNING * * *
You are too injured to fight recklessly!
You are too injured to fight recklessly!
You hit the ogre.
The ogre is heavily wounded.
The ogre misses you.
You hit the ogre but do no damage. You claw the ogre.
The ogre is heavily wounded.
The ogre completely misses you.
You barely miss the ogre. You claw the ogre.
The ogre is severely wounded.
The ogre completely misses you.
You hit the ogre but do no damage. Your kick misses the ogre.
The ogre is severely wounded.
The ogre hits you with a +0 giant club!!
You die...

. .. .# .# .. '. ..#
.. #. #+# ..# ..
####'##.##..# #
............# #
............+ +
......O†....# #
.......@....#
########+#######.....#
...............#.....#
...............#.....#
...............#.....#
...............#.....#
...............#.....#
...............#.....#
.................#'###


You could see an ogre.

Vanquished Creatures
  An ogre (D:4)
  An orc wizard (D:3)
  An iguana (D:4)
  Terence (D:3)
  5 adders
  An ooze (D:2)
  4 worms
  A dart slug (D:3)
  A leopard gecko (D:2)
  8 orcs
  A giant cockroach (D:1)
  7 goblins
  5 hobgoblins
  11 jackals
  7 kobolds
  A ball python (D:1)
  3 bats
  5 frilled lizards
  8 rats
72 creatures vanquished.

Notes
Turn   | Place    | Note
-------+----------+-------------------------------------------
     0 | D:1      | BritishOli the Demonspawn Gladiator began the quest for the
                  | Orb.
     0 | D:1      | Reached XP level 1. HP: 16/16 MP: 1/1
   197 | D:1      | Gained mutation: Your flesh is cold resistant. (rC+)
                  | [demonic ancestry]
   197 | D:1      | Reached XP level 2. HP: 8/22 MP: 2/2
   668 | D:1      | Reached skill level 3 in Long Blades
   869 | D:1      | Gained mutation: You have sharp toenails. [demonic
                  | ancestry]
   869 | D:1      | Reached XP level 3. HP: 28/28 MP: 3/3
  1356 | D:2      | Noticed a sky beast
  1695 | D:2      | Found a white marble altar of Elyvilon.
  1771 | D:2      | Gained mutation: You have razor-sharp toenails. [demonic
                  | ancestry]
  1771 | D:2      | Reached XP level 4. HP: 31/34 MP: 4/4
  2006 | D:3      | Found an opulent altar of Gozag.
  2484 | D:3      | Gained mutation: You are immune to freezing clouds.
                  | [demonic ancestry]
  2484 | D:3      | Reached XP level 5. HP: 27/41 MP: 5/5
  2545 | D:3      | Noticed a moth of wrath
  2548 | D:3      | Found a bloodstained altar of Trog.
  2730 | D:3      | Noticed Terence
  2740 | D:3      | Killed Terence
  3199 | D:4      | Noticed an ogre
  3208 | D:4      | Noticed an ogre
  3214 | D:4      | Killed an ogre
  3214 | D:4      | Reached skill level 4 in Long Blades
  3214 | D:4      | Reached XP level 6. HP: 47/47 MP: 6/6
  3235 | D:4      | Mangled by an ogre

Levels and vault maps discovered:
D:1:      kilobyte_arrival_exit_the_forest, layout_basic
D:2:      layout_basic, lemuel_doored_altar, lightli_corner_chamber
D:3:      layout_loops_ring, nicolae_gozag_seed_capital, tgw_trog, uniq_terence
D:4:      layout_gridville, first_ration, uniq_edmund, uniq_grinder

Skill      XL: |  1  2  3  4  5 |
---------------+----------------+-----
Throwing       | 2 3 |  3.1
Long Blades    | 3 4 |  4.2
Dodging        | 3 |  3.7
Fighting       | 3 |  3.4
Armour         | |  0.2

Action                   |  1- 3 |  4- 6 || total
-------------------------+-------+-------++-------
Melee: Long sword        |   130 |    90 ||   220
       Kick              |     8 |    39 ||    47
Throw: Throwing net      |       |     1 ||     1
  Use: Scroll            |     1 |       ||     1
 Stab: Sleeping          |       |     1 ||     1
  Eat: Chunk             |     2 |     4 ||     6
Armor: Leather armour    |    55 |    11 ||    66
Dodge: Dodged            |   153 |    66 ||   219
       Rpst.: Long sword |    47 |    16 ||    63

Table legend:
 A = Non-vault XP
 B = Vault XP
 C = Vault XP percentage of total XP
 D = Non-vault monster count
 E = Vault monster count
 F = Vault count percentage of total count
                 A         B        C        D         E       F
            +---------+---------+-------+---------+---------+-------
      Total |     377 |      49 |  11.5 |      66 |       6 |   8.3
            +---------+---------+-------+---------+---------+-------
        D:1 |      47 |       0 |   0.0 |      28 |       0 |   0.0
        D:2 |      71 |       0 |   0.0 |      20 |       0 |   0.0
        D:3 |     108 |      49 |  31.2 |      15 |       6 |  28.6
        D:4 |     151 |       0 |   0.0 |       3 |       0 |   0.0
            +---------+---------+-------+---------+---------+-------
